 Dungeon Crawl Stone Soup version 0.28-a0-1510-gd0f6b136d3 (webtiles) character file.

Game seed: 12166392310230296313

767 Qrupt the Skirmisher (level 7, -1/55 (59) HPs)
             Began as a Palentonga Fighter on Jan 15, 2022.
             Slain by a wight (4 damage)
             ... on level 5 of the Dungeon.
             The game lasted 00:08:02 (5312 turns).

Qrupt the Skirmisher (Palentonga Fighter)           Turns: 5312, Time: 00:08:03

HP:   -1/55 (59)    AC: 14    Str: 21    XL:     7   Next: 52%
MP:   16/16         EV: 11    Int:  9    God:
Gold: 158           SH:  4    Dex:  9    Spells: 6/6 levels left

rFire   . . .      SeeInvis +   a - +0 long sword
rCold   . . .      Faith    .   c - +0 buckler
rNeg    . . .      Spirit   .   b - +0 scale mail
rPois   .          Reflect  .   (no helmet)
rElec   .          Harm     .   (no cloak)
rCorr   .          Rampage  .   (no gloves)
Will    .....                   (no barding)
Stlth   ..........              (no amulet)
HPRegen 0.18/turn               n - +4 ring of evasion
MPRegen 0.15/turn               p - ring of magical power

@: drained, curled up
A: large, rugged brown scales 3, see invisible, deformed body, roll 1, armoured
tail, reflexive curl
a: Rolling Charge


You were on level 5 of the Dungeon.
You visited 1 branch of the dungeon, and saw 5 of its levels.

You collected 158 gold pieces.

Inventory:

Hand Weapons
 a - a +0 long sword (weapon)
 f - a +1 spear of freezing
 o - a +2 dagger of electrocution
 q - a +2 whip of venom
Armour
 b - a +0 scale mail (worn)
 c - a +0 buckler (worn)
 s - the +6 leather armour of the Sea {Harm rC- Str+4}
   (You found it on level 4 of the Dungeon)

   Str:       It affects your strength (+4).
   rC:        It makes you vulnerable to cold.
   Harm:      It increases damage dealt and taken.
Jewellery
 n - a +4 ring of evasion (left hand)
 p - a ring of magical power (right hand)
Wands
 r - a wand of mindburst (19)
Scrolls
 g - 2 scrolls of identify {unknown}
 i - 3 scrolls of immolation {unknown}
 j - a scroll of noise {unknown}
 l - a scroll of silence {unknown}
 t - a scroll of amnesia {unknown}
 u - a scroll of teleportation {unknown}
Potions
 d - a potion of might
 e - a potion of curing
 h - a potion of brilliance {unknown}
 k - a potion of resistance {unknown}
 m - a potion of heal wounds {unknown}


   Skills:
 + Level 5.1 Fighting
 + Level 4.5 Long Blades
 + Level 4.2 Armour
 + Level 4.2 Shields


You had 6 spell levels left.
You didn't know any spells.
Your spell library contained the following spells:

 Spells                   Type           Power      Damage    Failure   Level
 Summon Small Mammal      Summ           0%         N/A       78%         1
 Call Canine Familiar     Summ           0%         N/A       98%         3
 Summon Guardian Golem    Hex/Summ       0%         N/A       98%         3
 Passage of Golubria      Tloc           0%         N/A       100%        4
 Silence                  Hex/Air        0%         N/A       100%        5
 Lehudib's Crystal Spear  Conj/Erth      0%         10d2      100%        8


Dungeon Overview and Level Annotations

Branches:
Dungeon (5/15)
 Temple: D:4-7

Altars:
Cheibriados
Hepliaklqana
Wu Jian
Yredelemnul
The Shining One

Shops:
D:1 :


Innate Abilities, Weirdness & Mutations

You are completely covered in rugged brown scales. (AC +3, +7% HP)
You have supernaturally acute eyesight. (SInv)
Armour fits poorly on your strangely shaped body.
You can roll at nearby foes to attack.
You have a long armoured tail.
You curl defensively after being hit. (AC +7*)


Message History

The wight is heavily damaged.
You block the wight's attack.
You barely miss the wight.
The wight is heavily damaged.
The wight hits you but does no damage. The wight hits you with a +0 dagger.
You feel drained.
You barely miss the wight.
You tail-slap the wight, but do no damage.
The wight is heavily damaged.
The wight closely misses you. The wight hits you with a +0 dagger.
You slash the wight!
The wight is severely damaged.
The wight hits you with a +0 flail.
You feel drained. The wight hits you but does no damage.
You barely miss the wight. You tail-slap the wight.
The wight is almost destroyed.
The wight misses you. The wight hits you with a +0 dagger.
The wight hits you with a +0 flail.
You slash the wight!
You destroy the wight!
The wight misses you. The wight hits you with a +0 flail.
Things that are here:
a +0 dagger; a +0 robe You closely miss the wight.
You tail-slap the wight!
The wight is severely damaged.
The wight hits you with a +0 flail!
You feel drained.
You closely miss the wight.
The wight is severely damaged.
The wight barely misses you.
You closely miss the wight.
The wight is severely damaged.
The wight barely misses you. The wight hits you with a +0 flail!
* * * LOW HITPOINT WARNING * * *
You barely miss the wight.
The wight is severely damaged.
The wight hits you with a +0 flail!
* * * LOW HITPOINT WARNING * * *
You feel drained.
You die...

.........#
########## #
#.....# #
#.#.#.########
###............#
..).#.#....#.#.##
###.............##
##.......#.#...##
#######.....#@z# #
########.###### #
#########......# #
#..............#
..
#..............#
## #
..####.####...# #.
#...'..# ..##
##....#.....# ..#
..... #.....# [#


You could see a wight.

Vanquished Creatures
  An ice beast (D:5)
  2 ogres (D:4)
  A wight (D:5)
  A centaur zombie (D:5)
  A hound (D:4)
  2 jellies (D:4)
  2 orc priests (D:5)
  An iron imp (D:5)
  A bullfrog skeleton (D:4)
  2 iguanas (D:4)
  An orc wizard (D:4)
  8 adders
  An adder skeleton (D:4)
  A dart slug (D:4)
  5 orcs
  7 endoplasms
  2 giant cockroaches
  6 goblins
  8 hobgoblins
  3 jackals (D:2)
  6 kobolds
  2 quokkas
  6 ball pythons
  5 bats
  A frilled lizard (D:3)
  3 goblin skeletons (D:5)
  A goblin zombie (D:5)
  2 hobgoblin zombies (D:5)
  A kobold skeleton (D:5)
  2 kobold zombies (D:5)
  An orc zombie (D:5)
  5 rats
91 creatures vanquished.

Notes
Turn   | Place    | Note
-------+----------+-------------------------------------------
     0 | D:1      | Qrupt the Palentonga Fighter began the quest for the Orb.
     0 | D:1      | Reached XP level 1. HP: 19/19 MP: 1/1
    46 | D:1      | Found Qucohuo's Book Shoppe.
   393 | D:1      | Reached XP level 2. HP: 22/25 MP: 2/2
   435 | D:1      | Found a faded altar of an unknown god.
   918 | D:2      | Found a snail-covered altar of Cheibriados.
  1111 | D:2      | Reached XP level 3. HP: 31/31 MP: 3/3
  2040 | D:3      | Reached XP level 4. HP: 37/37 MP: 4/4
  2346 | D:3      | Found a basalt altar of Yredelemnul.
  2585 | D:3      | Found an ornate altar of the Wu Jian Council.
  3167 | D:4      | Noticed an ogre
  3186 | D:4      | Killed an ogre
  3187 | D:4      | Reached XP level 5. HP: 34/44 MP: 5/5
  3299 | D:4      | Reached skill level 4 in Fighting
  3957 | D:4      | Reached XP level 6. HP: 7/48 MP: 6/6
  4449 | D:4      | Identified the +6 leather armour of the Sea {Harm rC-
                  | Str+4}
  4983 | D:5      | Entered Level 5 of the Dungeon
  5004 | D:5      | Gained mutation: You curl defensively after being hit. (AC
                  | +7*) [Palentonga growth]
  5004 | D:5      | Reached XP level 7. HP: 56/58 MP: 7/7
  5088 | D:5      | Found a hazy altar of Hepliaklqana.
  5228 | D:5      | Reached skill level 5 in Fighting
  5251 | D:5      | Found a glowing golden altar of the Shining One.
  5312 | D:5      | Slain by a wight

Illustrated notes

Levels and vault maps discovered:
D:1:      lordsloth_arrival_two_stooges, layout_basic, serial_shops, shop,
          chequers_ecumenical_altar_island, minmay_misc_feat_x,
          chequers_serial_rivers_micro_c
D:2:      layout_basic, basic_altar, chequers_serial_rivers_micro_d
D:3:      layout_loops_ring, nzn_wu_jian_contemplation, general_overflow_altar,
          patterned_corridor
D:4:      layout_gridville
D:5:      layout_rooms, nicolae_overflow_hidden_temple,
          nicolae_tso_besieged_by_evil, serial_co_window_serial,
          co_window_corner_a, co_window_paths_b, co_window_of_opportunity_a,
          co_window_paths_b, co_window_corner_a, co_window_cross_1,
          co_window_of_opportunity_a, co_window_of_opportunity_a,
          co_window_paths_b, co_window_of_opportunity_b, co_window_broadway_c,
          co_window_broadway_a, co_window_broadway_a, co_window_unsneaky_path_c,
          glass_columns_a, glass_columns_a, glass_columns_c

Skill      XL: |  1  2  3  4  5  6  7 |
---------------+----------------------+-----
Armour         | 3 4 |  4.2
Shields        | 3 4 |  4.2
Long Blades    | 3 4 |  4.5
Fighting       | 4 5 |  5.1

Action                   |  1- 3 |  4- 6 |  7- 9 || total
-------------------------+-------+-------+-------++-------
Melee: Long sword        |   115 |    43 |    50 ||   208
       Tailslap          |    14 |    13 |     6 ||    33
       Dagger            |       |    26 |       ||    26
       Whip              |       |    39 |       ||    39
 Abil: Rolling Charge    |       |     3 |       ||     3
  Use: Potion            |       |     1 |     1 ||     2
Armor: Scale mail        |    59 |    39 |    12 ||   110
Dodge: Dodged            |    51 |    65 |    25 ||   141
Block: Buckler           |    17 |    16 |     7 ||    40

Table legend: (Time is in decaauts)
 A = Elapsed time spent in this place.
 B = Non-inter-level travel time spent in this place.
 C = Inter-level travel time spent in this place.
 D = Time resting spent in this place.
 E = Time spent auto-exploring this place.
 F = Levels seen in this place.
 G = Mean time per level.
                   A        B        C        D        E       F      G
               +--------+--------+--------+--------+--------+-----+--------+
         Total |   5373 |   5264 |    109 |    438 |   4033 |   5 | 1074.6 |
       Dungeon |   5373 |   5264 |    109 |    438 |   4033 |   5 | 1074.6 |
               +--------+--------+--------+--------+--------+-----+--------+

Top non-repeatable levels by time:
     D:4: 2108 daAuts
     D:2: 1007 daAuts
     D:3: 979 daAuts
     D:1: 937 daAuts
     D:5: 341 daAuts
